[ AOE2 MATCH · #495291597 ]
UnrankedMagyars vs Huns
Player's team · WIN
Rival team · LOSS
[ REPLAY ANALYSIS · EXTRACTED FROM THE RECORDED GAME ]
Feudal
10:06
Castle
—
Imperial
—
| APM avg | 81.8 |
| APM peak | 147 |
| eAPM avg | 37.3 |
| Villagers / military | 41 / 42 |
Focus
⚔️ 49.9% · 🌾 50.1%
Scout Cavalry ×42 · Fishing Ship ×37
Feudal
9:40
Castle
—
Imperial
—
| APM avg | 39.0 |
| APM peak | 64 |
| eAPM avg | 22.9 |
| Villagers / military | 45 / 38 |
Focus
⚔️ 46.8% · 🌾 53.2%
Fishing Ship ×23 · Scout Cavalry ×22 · Spearman ×10 · Archer ×6
Match map
Initial resources + every placement click. Lines = walls · curves = elevation contours. ◆ gold · ⬟ stone · ● berries · ✦ relic · ◌ wall gap
Your base· Open — unwalled flank
nC_Future's base· Open — unwalled flank
Smoothed initial terrain · ◌ = detected wall gap · hover for details
Inputs per minute
— Dark_aoe - - nC_Future
Build order — Dark_aoe
First 150 of 167 actions detected
| 0:01 | Queue | Villager (Male) |
| 0:04 | Build | House |
| 0:04 | Build | House |
| 0:21 | Queue | Villager (Male) ×3 |
| 1:32 | Queue | Villager (Male) |
| 1:54 | Build | Lumber Camp |
| 1:57 | Queue | Villager (Male) |
| 2:20 | Queue | Villager (Male) |
| 2:51 | Queue | Villager (Male) |
| 3:15 | Queue | Villager (Male) |
| 3:27 | Build | House |
| 3:36 | Queue | Villager (Male) |
| 3:55 | Build | Dock |
| 4:05 | Queue | Villager (Male) |
| 4:29 | Queue | Villager (Male) |
| 4:38 | Queue | Fishing Ship |
| 4:57 | Queue | Villager (Male) |
| 5:19 | Queue | Villager (Male) |
| 5:20 | Queue | Fishing Ship |
| 5:27 | Build | House |
| 5:31 | Queue | Fishing Ship |
| 5:38 | Queue | Villager (Male) |
| 5:58 | Queue | Villager (Male) |
| 6:00 | Queue | Fishing Ship |
| 6:12 | Build | Outpost |
| 6:36 | Build | House |
| 6:37 | Queue | Villager (Male) |
| 6:48 | Queue | Fishing Ship |
| 7:00 | Queue | Villager (Male) |
| 7:23 | Research | Loom |
| 7:29 | Queue | Fishing Ship |
| 7:40 | Build | Outpost |
| 7:51 | Research | Feudal Age |
| 8:10 | Queue | Fishing Ship |
| 8:17 | Build | House |
| 8:32 | Build | Palisade Wall |
| 8:37 | Build | Palisade Wall |
| 8:42 | Build | Dock |
| 8:55 | Queue | Fishing Ship |
| 9:24 | Build | Barracks |
| 9:35 | Build | Outpost |
| 9:37 | Build | House |
| 9:39 | Build | House |
| 9:44 | Queue | Villager (Male) |
| 9:53 | Queue | Fishing Ship |
| 9:54 | Queue | Fishing Ship |
| 10:06 | Age | Feudal Age |
| 10:09 | Research | Double-Bit Axe |
| 10:16 | Build | House |
| 10:25 | Queue | Villager (Male) |
| 10:41 | Build | Stable |
| 10:48 | Queue | Villager (Male) |
| 10:52 | Queue | Fishing Ship |
| 10:52 | Queue | Fishing Ship |
| 11:09 | Research | Tech 906 |
| 11:10 | Queue | Villager (Male) |
| 11:20 | Queue | Fishing Ship |
| 11:34 | Queue | Fishing Ship |
| 11:41 | Build | House |
| 11:42 | Queue | Villager (Male) |
| 11:42 | Queue | Scout Cavalry |
| 11:59 | Queue | Villager (Male) |
| 12:03 | Queue | Scout Cavalry |
| 12:08 | Queue | Villager (Male) |
| 12:12 | Queue | Villager (Male) |
| 12:16 | Build | Stable |
| 12:20 | Queue | Fishing Ship |
| 12:30 | Queue | Villager (Male) |
| 12:50 | Queue | Scout Cavalry |
| 12:51 | Queue | Villager (Male) |
| 13:02 | Queue | Villager (Male) |
| 13:04 | Queue | Scout Cavalry |
| 13:13 | Build | Lumber Camp |
| 13:15 | Queue | Fishing Ship |
| 13:17 | Queue | Fishing Ship |
| 13:20 | Queue | Scout Cavalry |
| 13:28 | Queue | Villager (Male) |
| 13:36 | Build | Blacksmith |
| 13:39 | Queue | Scout Cavalry |
| 13:39 | Queue | Scout Cavalry |
| 13:49 | Build | Palisade Wall |
| 14:05 | Queue | Scout Cavalry |
| 14:05 | Queue | Scout Cavalry |
| 14:15 | Build | Mining Camp |
| 14:17 | Queue | Fishing Ship |
| 14:22 | Queue | Scout Cavalry |
| 14:22 | Queue | Scout Cavalry |
| 14:25 | Queue | Fishing Ship |
| 14:33 | Research | Scale Barding Armor |
| 14:41 | Queue | Scout Cavalry |
| 14:42 | Queue | Scout Cavalry |
| 14:43 | Queue | Fishing Ship |
| 14:43 | Queue | Fishing Ship |
| 14:47 | Build | Palisade Wall |
| 14:49 | Build | Palisade Wall |
| 14:49 | Queue | Villager (Male) |
| 15:00 | Build | House |
| 15:11 | Build | House |
| 15:12 | Build | House |
| 15:15 | Build | House |
| 15:15 | Queue | Scout Cavalry |
| 15:28 | Queue | Scout Cavalry |
| 15:36 | Queue | Villager (Male) |
| 15:48 | Queue | Fishing Ship |
| 15:48 | Queue | Fishing Ship |
| 15:54 | Research | Bloodlines |
| 15:56 | Queue | Villager (Male) |
| 16:07 | Build | Stable |
| 16:19 | Queue | Scout Cavalry |
| 16:19 | Queue | Scout Cavalry |
| 16:22 | Queue | Fishing Ship |
| 16:23 | Queue | Fishing Ship |
| 16:28 | Build | Dock |
| 16:28 | Build | House |
| 16:31 | Queue | Villager (Male) |
| 16:48 | Queue | Scout Cavalry |
| 16:48 | Queue | Scout Cavalry |
| 16:56 | Queue | Villager (Male) |
| 17:04 | Queue | Scout Cavalry |
| 17:05 | Queue | Scout Cavalry |
| 17:15 | Queue | Scout Cavalry |
| 17:16 | Queue | Scout Cavalry |
| 17:16 | Queue | Fishing Ship |
| 17:17 | Queue | Fishing Ship |
| 17:17 | Queue | Fishing Ship |
| 17:20 | Queue | Villager (Male) |
| 17:26 | Queue | Scout Cavalry |
| 17:37 | Queue | Scout Cavalry |
| 17:38 | Queue | Scout Cavalry |
| 17:38 | Build | House |
| 17:39 | Build | House |
| 17:39 | Build | House |
| 17:41 | Queue | Fishing Ship |
| 17:42 | Queue | Fishing Ship |
| 17:48 | Queue | Fishing Ship |
| 17:48 | Queue | Fishing Ship |
| 17:56 | Queue | Villager (Male) |
| 17:58 | Queue | Scout Cavalry |
| 17:58 | Queue | Scout Cavalry |
| 17:58 | Queue | Scout Cavalry |
| 18:16 | Queue | Scout Cavalry |
| 18:17 | Queue | Scout Cavalry |
| 18:21 | Queue | Scout Cavalry |
| 18:21 | Queue | Scout Cavalry |
| 18:25 | Queue | Fishing Ship |
| 18:26 | Queue | Fishing Ship |
| 18:26 | Queue | Fishing Ship |
| 18:32 | Queue | Villager (Male) |
| 18:35 | Build | Stable |
| 18:43 | Build | Lumber Camp |
Build order — nC_Future
128 actions detected in the replay
| 0:00 | Queue | Villager (Male) |
| 0:00 | Queue | Villager (Male) |
| 0:25 | Queue | Villager (Male) |
| 1:04 | Queue | Villager (Male) |
| 1:37 | Queue | Villager (Male) |
| 1:38 | Queue | Villager (Male) |
| 1:46 | Build | Lumber Camp |
| 2:03 | Queue | Villager (Male) |
| 2:19 | Queue | Villager (Male) |
| 3:10 | Queue | Villager (Male) |
| 3:35 | Queue | Villager (Male) |
| 3:59 | Queue | Villager (Male) |
| 4:03 | Build | Dock |
| 4:05 | Build | Palisade Wall |
| 4:08 | Build | Palisade Wall |
| 4:18 | Queue | Villager (Male) |
| 4:47 | Queue | Fishing Ship |
| 4:47 | Queue | Fishing Ship |
| 4:56 | Queue | Villager (Male) |
| 5:14 | Queue | Villager (Male) |
| 5:20 | Queue | Fishing Ship |
| 5:31 | Queue | Villager (Male) |
| 5:45 | Queue | Villager (Male) |
| 5:50 | Queue | Fishing Ship |
| 6:22 | Queue | Villager (Male) |
| 6:49 | Queue | Fishing Ship |
| 6:51 | Research | Loom |
| 7:27 | Research | Feudal Age |
| 7:30 | Build | Lumber Camp |
| 8:31 | Build | Barracks |
| 8:54 | Build | Dock |
| 9:09 | Build | Palisade Wall |
| 9:11 | Build | Palisade Wall |
| 9:35 | Queue | Fishing Ship |
| 9:40 | Age | Feudal Age |
| 9:41 | Build | Stable |
| 9:44 | Research | Double-Bit Axe |
| 9:54 | Queue | Fishing Ship |
| 9:56 | Queue | Villager (Male) |
| 10:01 | Queue | Villager (Male) |
| 10:11 | Queue | Fishing Ship |
| 10:17 | Queue | Fishing Ship |
| 10:24 | Queue | Scout Cavalry |
| 10:24 | Queue | Scout Cavalry |
| 10:24 | Queue | Scout Cavalry |
| 10:44 | Queue | Villager (Male) |
| 10:50 | Queue | Fishing Ship |
| 10:50 | Queue | Fishing Ship |
| 10:56 | Build | Mill |
| 11:02 | Queue | Villager (Male) |
| 11:05 | Queue | Fishing Ship |
| 11:16 | Queue | Scout Cavalry |
| 11:29 | Queue | Scout Cavalry |
| 11:36 | Queue | Fishing Ship |
| 11:36 | Queue | Fishing Ship |
| 11:39 | Queue | Villager (Male) |
| 11:56 | Queue | Fishing Ship |
| 12:10 | Queue | Scout Cavalry |
| 12:11 | Queue | Scout Cavalry |
| 12:11 | Queue | Scout Cavalry |
| 12:15 | Queue | Villager (Male) |
| 12:17 | Queue | Fishing Ship |
| 12:17 | Queue | Fishing Ship |
| 12:46 | Queue | Scout Cavalry |
| 12:52 | Queue | Scout Cavalry |
| 13:01 | Queue | Fishing Ship |
| 13:02 | Queue | Fishing Ship |
| 13:02 | Queue | Fishing Ship |
| 13:03 | Queue | Villager (Male) ×4 |
| 13:24 | Queue | Villager (Male) |
| 13:28 | Build | Mining Camp |
| 13:30 | Queue | Villager (Male) |
| 13:40 | Research | Tech 906 |
| 14:05 | Queue | Scout Cavalry |
| 14:05 | Queue | Scout Cavalry |
| 14:06 | Queue | Villager (Male) |
| 14:10 | Build | Farm |
| 14:10 | Build | Farm |
| 14:10 | Build | Farm |
| 14:10 | Build | Farm |
| 14:11 | Build | Farm |
| 14:12 | Queue | Villager (Male) |
| 14:27 | Queue | Villager (Male) |
| 14:42 | Queue | Fishing Ship |
| 14:42 | Queue | Fishing Ship |
| 14:49 | Queue | Scout Cavalry |
| 14:49 | Queue | Scout Cavalry |
| 14:50 | Queue | Villager (Male) |
| 15:02 | Build | Blacksmith |
| 15:18 | Queue | Fishing Ship |
| 15:44 | Queue | Scout Cavalry |
| 15:44 | Queue | Villager (Male) |
| 16:08 | Research | Forging |
| 16:11 | Research | Bloodlines |
| 16:16 | Queue | Villager (Male) |
| 16:16 | Queue | Villager (Male) |
| 16:43 | Queue | Villager (Male) ×5 |
| 16:44 | Queue | Spearman |
| 16:48 | Build | Archery Range |
| 16:57 | Queue | Scout Cavalry |
| 16:57 | Queue | Scout Cavalry |
| 17:26 | Queue | Spearman |
| 17:27 | Queue | Spearman |
| 17:32 | Queue | Villager (Male) |
| 17:32 | Queue | Villager (Male) |
| 17:32 | Queue | Villager (Male) |
| 17:53 | Queue | Scout Cavalry |
| 17:53 | Queue | Scout Cavalry |
| 18:09 | Queue | Scout Cavalry |
| 18:09 | Queue | Scout Cavalry |
| 18:09 | Queue | Scout Cavalry |
| 18:10 | Queue | Archer |
| 18:11 | Queue | Archer |
| 18:12 | Build | Archery Range |
| 18:13 | Queue | Villager (Male) |
| 18:26 | Research | Fletching |
| 18:28 | Queue | Spearman |
| 18:45 | Research | Scale Mail Armor |
| 18:54 | Queue | Archer |
| 19:05 | Build | Palisade Wall |
| 19:07 | Build | Palisade Wall |
| 19:09 | Build | Palisade Wall |
| 19:09 | Build | Palisade Wall |
| 19:26 | Queue | Spearman |
| 19:30 | Queue | Archer |
| 19:31 | Queue | Archer |
| 19:31 | Queue | Archer |
| 19:33 | Queue | Spearman ×5 |
Match timeline
| 3:55 | Dark_aoe · first_building Dock |
| 4:03 | nC_Future · first_building Dock |
| 4:05 | nC_Future · wall_segment Palisade Wall x1 |
| 4:08 | nC_Future · wall_segment Palisade Wall x1 |
| 8:31 | nC_Future · first_building Barracks |
| 8:32 | Dark_aoe · wall_segment Palisade Wall x1 |
| 8:37 | Dark_aoe · wall_segment Palisade Wall x1 |
| 9:09 | nC_Future · wall_segment Palisade Wall x1 |
| 9:11 | nC_Future · wall_segment Palisade Wall x1 |
| 9:24 | Dark_aoe · first_building Barracks |
| 9:40 | nC_Future · age_up feudal |
| 9:41 | nC_Future · first_building Stable |
| 10:06 | Dark_aoe · age_up feudal |
| 10:41 | Dark_aoe · first_building Stable |
| 13:49 | Dark_aoe · wall_segment Palisade Wall x1 |
| 14:47 | Dark_aoe · wall_segment Palisade Wall x1 |
| 14:49 | Dark_aoe · wall_segment Palisade Wall x1 |
| 16:48 | nC_Future · first_building Archery Range |
| 19:05 | nC_Future · wall_segment Palisade Wall x3 |
| 19:07 | nC_Future · wall_segment Palisade Wall x2 |
| 19:09 | nC_Future · wall_segment Palisade Wall x1 |
| 19:09 | nC_Future · wall_segment Palisade Wall x1 |
| 19:56 | nC_Future · resign |
[ AI ANALYSIS · 1 CREDIT ]
What really happened in this match?
Wolo.gg analyzes every decision: build order, eco, micro, common mistakes by bracket. Personalized analysis on WhatsApp or Discord in 30 seconds.
Civ guide
Magyars
Perfil
Jugador #1407942